 Dungeon Crawl Stone Soup version 0.15-a0-1174-g8389a64 (webtiles) character file.

58591 lege the Tortoise (level 15, -14/98 HPs)
             Began as a Formicid Fighter on May 31, 2014.
             Was a High Priest of Makhleb.
             Killed from afar by Asterion (18 damage)
             ... with an orb of electricity
             ... on Level 1 of the Elven Halls.
             The game lasted 02:47:46 (24955 turns).

lege the Tortoise (Formicid Fighter)               Turns: 24955, Time: 02:47:47

HP -14/98        AC 23     Str 29      XL: 15   Next: 30%
MP  32/32        EV  8     Int  9      God: Makhleb [*****.]
Gold 2509        SH 26     Dex 13      Spells:  0 memorised, 14 levels left

rFire  . . .     SeeInvis +     M - +2,+1 dire flail
rCold  + . .     Clarity  .     J - +4 plate armour {rC+}
rNeg   . . .     rCorr    .     c - +0 shield
rPois  .         rRot     .     (helmet unavailable)
rElec  .         Spirit   .     W - +0 cloak
SustAb .         Warding  .     E - +2 pair of gloves
rMut   .         Stasis   +     (no boots)
Gourm  .                        g - amulet of the Present {Stasis Dex+3 Int+1}
MR     +....                    l - ring of invisibility
                                A - +3 ring of protection

@: very slightly contaminated, drained, somewhat resistant to hostile
enchantments, extremely unstealthy
A: permanent stasis, dig shafts and tunnels, four strong arms, antennae 3,
deformed body, fast metabolism 1, strong 1
a: Dig, Shaft Self, Minor Destruction, Lesser Servant of Makhleb, Major
Destruction, Greater Servant of Makhleb, Renounce Religion, Evoke Invisibility


You were on level 1 of the Elven Halls.
You worshipped Makhleb.
Makhleb was extremely pleased with you.
You were not hungry.

You visited 5 branches of the dungeon, and saw 27 of its levels.
You also visited: Ice Cave.

You collected 2908 gold pieces.
You spent 399 gold pieces at shops.

Inventory:

Hand weapons
 M - a +2,+1 dire flail (weapon)
 Q - a +0,+2 mace of crushing
Armour
 c - a +0 shield (worn)
 k - a +2 ring mail of fire resistance
 E - a +2 pair of gloves (worn)
 I - a +3 ring mail of cold resistance
 J - a +4 plate armour of cold resistance (worn)
 W - a +0 cloak (worn)
Magical devices
 b - a wand of magic darts (10) {unknown}
 d - a wand of fire (8)
 m - a wand of heal wounds (7)
 r - a wand of lightning (8) {unknown}
 G - a wand of fire (6)
 K - a wand of cold (6)
 L - a wand of invisibility (8) {unknown}
 T - a wand of fire (5)
 X - a wand of hasting (2)
 Y - a wand of draining (2)
Comestibles
 a - 8 fruits
 h - a beef jerky
 n - 7 slices of pizza
 q - 2 royal jellies
 s - 5 meat rations
 w - 4 bread rations
Scrolls
 f - 15 scrolls of identify
 o - a scroll of enchant weapon II
 v - a scroll of holy word {unknown}
 y - 3 scrolls of fog
 z - 17 scrolls of remove curse
 C - a scroll of magic mapping
 F - 4 scrolls of recharging
 O - 2 scrolls of fear
Jewellery
 g - the amulet of the Present (around neck) {Stasis Dex+3 Int+1}
   (You found it on level 4 of the Dungeon)

   [amulet of stasis]

   It prevents you from being teleported, slowed, hasted or paralysed.
   It affects your intelligence (+1).
   It affects your dexterity (+3).
 j - an uncursed ring of fire
 l - a ring of invisibility (right hand)
 x - an uncursed ring of sustain abilities
 A - a +3 ring of protection (left hand)
 D - an uncursed amulet of clarity {unknown}
Potions
 e - a potion of flight
 i - 2 potions of might
 p - 13 potions of curing
 u - 2 potions of brilliance
 R - 3 potions of agility
 U - 3 potions of heal wounds
Miscellaneous
 B - a sack of spiders
 V - a disc of storms


   Skills:
 - Level 3.2(2.1) Fighting
 * Level 13.1(11.6) Maces & Flails
 - Level 0.1(0.0) Throwing
 - Level 16.0(14.4) Armour
 - Level 0.1(0.0) Dodging
 - Level 1.0(0.0) Stealth
 - Level 11.2(9.8) Shields
 - Level 13.3(11.9) Invocations
 - Level 9.2(7.9) Evocations


You had 14 spell levels left.
You didn't know any spells.

Dungeon Overview and Level Annotations

Branches:
Dungeon (13/15)            Temple (1/1) D:5             Orc (4/4) D:10
    Elf (1/3) Orc:3          Lair (8/8) D:8          Shoals (0/5) Lair:3
 Spider (0/5) Lair:5        Slime (0/6) Lair:8
 Vaults: D:13-14

Altars:
Ashenzari
Cheibriados
Dithmenos
Elyvilon
Fedhas
Gozag
Kikubaaqudgha
Makhleb
Nemelex Xobeh
Okawaru
Qazlal
Sif Muna
Trog
Vehumet
Xom
Yredelemnul
Zin
The Shining One
Beogh
Jiyva

Shops:
D:6 }[   D:12 }   Orc:4 [*(:

Annotations:
D:5 Arvee's ghost, experienced TrBe
Elf:1 Asterion
Lair:1 exclusion: 2 oklob plants
Lair:5 exclusion: oklob plant


Innate Abilities, Weirdness & Mutations

Your are under a permanent stasis effect.
You can dig through walls and to a lower floor.
Your four strong arms can wield two-handed weapons with a shield.
You have a pair of large antennae on your head (SInv).
Armour fits poorly on your strangely shaped body.
You have a fast metabolism.
Your muscles are strong. (Str +2)


Message History

Asterion is covered in liquid flames!
Asterion blocks your green death's attack.
The spectral weapon hits you from afar.
You feel drained.
Asterion burns!
Asterion hits your smoke demon with a demon trident of draining!
Asterion gores your smoke demon.
The spectral weapon hits your smoke demon but does no damage.
Your smoke demon barely misses the spectral weapon.
Your smoke demon closely misses the spectral weapon.
Your smoke demon hits the spectral weapon but does no damage.
Your green death hits Asterion!
Asterion burns!
Asterion conjures a destructive force in the name of Makhleb!
The bolt of lightning hits your smoke demon.
Your smoke demon dies!
The bolt of lightning hits you!
* * * LOW HITPOINT WARNING * * *
Asterion conjures a destructive force in the name of Makhleb!
The orb of electricity explodes!
The orb of electricity engulfs you!
You die...

. # .... .## ..... .... .###
.....# ####..# ###.....
.......###....# #.# ...
......)H2..#### #.# #.
...[...(..###########.#####.
......_...@................
...........................
...........##########.####.
.......##..# #....#)
....######..# ####...
...#######.#############) .
..................).3)
########..##########.# ##.#
###


You could see Asterion (burning), a spectral demon trident of draining and a
friendly green death.

Vanquished Creatures
  Gastronok (Orc:2)
  Azrael (Elf:1)
  Josephine (D:10)
  2 hydras (Lair:8)
  Urug (D:10)
  Nergalle (Orc:2)
  A catoblepas (Lair:4)
  Erolcha (Orc:1)
  An unseen horror (D:11)
  A deep elf summoner (Elf:1)
  A wizard (D:13)
  3 orc knights
  A hill giant (D:12)
  A deep elf conjurer (Elf:1)
  A griffon (Lair:7)
  3 black mambas
  11 elephants
  An orange demon (Orc:3)
  A feature mimic (Elf:1)
  9 spiny frogs
  Psyche (D:10)
  7 komodo dragons
  3 fire drakes
  A troll (Orc:4)
  A demonic crawler (Elf:1)
  4 giant fireflies (Lair:8)
  7 polar bears (Lair:8)
  A jumping spider (Elf:1)
  2 trapdoor spiders
  10 blink frogs
  2 spriggans (Lair:8)
  A basilisk (Lair:1)
  3 fire elementals (Elf:1)
  A shadow (D:12)
  5 sharks
  2 deep elf magi
  2 wyverns (D:9)
  Eustachio (Orc:2)
  An elephant slug (Lair:6)
  18 yaks
  A steam dragon (D:12)
  Grum (D:8)
  2 hippogriffs
  25 wolves
  7 deep elf fighters (Elf:1)
  4 wargs
  A mottled dragon (Lair:6)
  7 water moccasins
  A sky beast (D:5)
  12 orc warriors
  A swamp drake (D:8)
  2 phantoms
  7 porcupines
  8 black bears
  7 ice beasts
  A necrophage (D:13)
  5 ogres
  4 centaurs
  Sigmund (D:3)
  Duvessa (D:4)
  A boring beetle (Lair:6)
  13 giant frogs
  6 giant slugs
  13 crocodiles
  2 big kobolds
  Blork the orc (D:7)
  A wyvern skeleton (D:8)
  An eye of draining (D:12)
  6 killer bees
  A scorpion (D:5)
  A centaur zombie (D:8)
  2 electric eels (Lair:8)
  3 goliath beetles
  Dowan (D:3)
  7 crimson imps
  2 jellies
  A quasit (D:10)
  2 iguanas
  5 hounds
  15 orc priests
  6 big fish
  A wyvern simulacrum (D:10)
  16 orc wizards
  3 orange rats (Elf:1)
  3 worker ants
  13 sheep (Lair:8)
  Ijyb (D:3)
  A crocodile zombie (D:10)
  An ogre zombie (D:7)
  An ogre skeleton (D:4)
  2 mummies
  3 gnolls (D:2)
  17 adders
  2 shadow imps
  2 inept feature mimics
  49 green rats
  6 white imps (Lair:6)
  An ufetubus (D:10)
  10 worms
  2 adder skeletons
  2 oozes
  107 orcs
  24 bats
  A bat skeleton (D:5)
  18 goblins
  22 hobgoblins
  9 jackals
  8 quokkas
  A ball python (D:3)
  9 giant cockroaches
  7 giant geckos
  4 giant newts
  A goblin skeleton (D:5)
  A hobgoblin skeleton (D:5)
  19 kobolds
  2 orc skeletons
  5 orc zombies
  30 rats
  2 fungi
  2 plants
712 creatures vanquished.

Vanquished Creatures (collateral kills)
  An orc warlord (Orc:4)
  Fannar (Orc:2)
  Harold (D:10)
  2 hydras
  6 death yaks (Lair:7)
  An orc high priest (Orc:4)
  A centaur warrior (D:13)
  A catoblepas (Lair:8)
  A hill giant (D:13)
  3 orc sorcerers
  3 black mambas (Lair:4)
  2 elephants
  2 spiny frogs
  A fire drake (Lair:7)
  3 trolls
  4 giant fireflies (Lair:8)
  A jumping spider (Elf:1)
  A polar bear (Lair:8)
  2 hellwings
  A two-headed ogre (D:13)
  A boulder beetle (Lair:8)
  7 blink frogs
  A ynoxinul (Lair:1)
  A deep elf mage (Elf:1)
  2 basilisks (Lair:7)
  8 spriggans (Lair:8)
  23 yaks
  A wolf (Lair:8)
  3 ugly things (D:10)
  5 wargs
  A hell hound (Elf:1)
  A soldier ant (D:12)
  3 water moccasins
  17 orc warriors
  2 yellow wasps
  2 black bears (Lair:8)
  6 porcupines
  3 ice beasts (IceCv)
  3 ogres
  A giant frog (Lair:5)
  A boring beetle (shapeshifter) (Elf:1)
  3 giant slugs
  3 crocodiles
  A scorpion (D:12)
  A jelly (D:12)
  A killer bee (D:11)
  A troll zombie (D:10)
  An electric eel (Lair:8)
  A hound (Lair:7)
  9 orc priests
  An orange rat (Elf:1)
  12 orc wizards
  A worker ant (D:10)
  A crocodile zombie (D:10)
  A two-headed ogre simulacrum (D:10)
  4 adders
  6 green rats
  6 white imps (Lair:6)
  2 worms
  A giant mite (Lair:7)
  A worker ant simulacrum (D:10)
  5 ufetubi
  An iguana zombie (D:10)
  53 orcs
  3 jackals
  A bat (Lair:6)
  A goblin (Orc:1)
  3 kobolds (D:10)
  2 orc zombies (Orc:4)
  2 rats (D:10)
  2 spectral orcs (Orc:2)
  A plant (Lair:5)
261 creatures vanquished.

Vanquished Creatures (others)
  2 Executioners (Orc:4)
  A green death (Elf:1)
  11 smoke demons
  7 orange demons
  A spriggan druid (Lair:8)
  6 hellwings
  A spriggan (Lair:8)
  8 ynoxinuls
  A wolf (D:8)
  A deep elf fighter (Elf:1)
  6 neqoxecs
  2 crimson imps
  An orc wizard (D:8)
  A white imp (D:10)
  3 shadow imps
  64 ufetubi
  6 fungi
  12 plants
134 creatures vanquished.

Grand Total: 1107 creatures vanquished

Notes
Turn   | Place    | Note
--------------------------------------------------------------
     0 | D:1      | lege, the Formicid Fighter, began the quest for the Orb.
     0 | D:1      | Reached XP level 1. HP: 18/18 MP: 1/1
   157 | D:1      | Reached XP level 2. HP: 24/24 MP: 3/3
   558 | D:1      | Reached XP level 3. HP: 29/29 MP: 4/4
  1085 | D:2      | Reached skill level 4 in Maces & Flails
  1085 | D:2      | Reached XP level 4. HP: 30/35 MP: 5/5
  1626 | D:2      | Found a blossoming altar of Fedhas.
  1691 | D:3      | Reached XP level 5. HP: 41/41 MP: 7/7
  1712 | D:3      | Noticed Ijyb
  1725 | D:3      | Killed Ijyb
  1800 | D:3      | Noticed Sigmund
  1811 | D:3      | Killed Sigmund
  1811 | D:3      | Reached skill level 5 in Maces & Flails
  1811 | D:3      | Reached skill level 1 in Stealth
  1811 | D:3      | Reached XP level 6. HP: 34/47 MP: 8/8
  1993 | D:3      | Found an opulent altar of Gozag.
  2070 | D:3      | Found a shimmering altar of Xom.
  2166 | D:3      | Reached skill level 6 in Maces & Flails
  3158 | D:4      | Noticed Duvessa
  3160 | D:4      | Noticed Dowan
  3333 | D:4      | Killed Duvessa
  3333 | D:4      | Reached skill level 7 in Maces & Flails
  3333 | D:4      | Reached skill level 1 in Evocations
  3333 | D:4      | Reached XP level 7. HP: 24/52 MP: 8/10
  3366 | D:3      | Killed Dowan
  3626 | D:4      | Got a flickering ruby amulet
  3627 | D:4      | Identified the amulet of the Present {Stasis Dex+3 Int+1} (You found it on level 4 of the Dungeon)
  4118 | D:5      | Entered Level 5 of the Dungeon
  4241 | D:5      | Reached skill level 8 in Maces & Flails
  4595 | D:5      | Found a staircase to the Ecumenical Temple.
  4605 | Temple   | Entered the Ecumenical Temple
  4668 | Temple   | Became a worshipper of Makhleb the Destroyer
  4764 | D:5      | Noticed Arvee's ghost (experienced TrBe)
  5013 | D:5      | Reached XP level 8. HP: 58/58 MP: 12/12
  5221 | D:5      | Reached skill level 1 in Invocations
  5609 | D:6      | Reached skill level 9 in Maces & Flails
  5713 | D:6      | Found Mauduin's Armour Shoppe.
  5876 | D:6      | Found Katist's Gadget Emporium.
  6004 | D:6      | Found a glowing golden altar of the Shining One.
  6073 | D:6      | Reached skill level 5 in Invocations
  6235 | D:7      | Noticed Blork the orc
  6239 | D:7      | Found an opulent altar of Gozag.
  6248 | D:7      | Killed Blork the orc
  6248 | D:7      | Reached XP level 9. HP: 37/64 MP: 18/20
  6559 | D:7      | Noticed a hill giant
  6742 | D:7      | Acquired Makhleb's first power
  7408 | D:8      | Noticed Grum
  7418 | D:8      | Reached skill level 5 in Evocations
  7434 | D:8      | Killed Grum
  7437 | D:8      | Acquired Makhleb's second power
  7653 | D:8      | Found a shimmering altar of Xom.
  7884 | D:8      | Found a staircase to the Lair.
  7884 | D:8      | Noticed a fire drake
  8093 | D:8      | Reached XP level 10. HP: 70/70 MP: 23/23
  8108 | D:8      | Found a basalt altar of Yredelemnul.
  8376 | D:8      | Noticed a moth of wrath
  8388 | D:8      | Found a bloodstained altar of Trog.
  8607 | D:8      | Acquired Makhleb's third power
  8706 | D:9      | Found a sparkling altar of Nemelex Xobeh.
  8775 | D:9      | Reached skill level 5 in Shields
  9437 | D:10     | Entered Level 10 of the Dungeon
  9445 | D:10     | Acquired Makhleb's fourth power
  9461 | D:10     | Noticed Psyche
  9462 | D:10     | Noticed Harold
  9477 | D:10     | Killed Psyche
  9484 | D:10     | Killed Harold
  9488 | D:10     | Noticed Josephine
  9500 | D:10     | Killed Josephine
  9741 | D:10     | Reached XP level 11. HP: 69/75 MP: 25/25
  9751 | D:10     | Reached skill level 10 in Shields
  9988 | D:10     | Noticed Urug
 10011 | D:10     | Killed Urug
 10032 | D:10     | Reached skill level 11 in Shields
 10037 | D:10     | Found a roughly hewn altar of Beogh.
 10058 | D:10     | Found a staircase to the Orcish Mines.
 10244 | Orc:1    | Entered Level 1 of the Orcish Mines
 10317 | Orc:1    | Found a roughly hewn altar of Beogh.
 10364 | Orc:1    | HP: 2/75 [orc priest/divine providence (13)]
 10521 | Orc:2    | Reached skill level 5 in Armour
 10544 | Orc:1    | Noticed Eustachio
 10544 | Orc:1    | Noticed Erolcha
 10557 | Orc:2    | Killed Eustachio
 10687 | Orc:1    | Killed Erolcha
 10790 | Orc:1    | Acquired Makhleb's fifth power
 11115 | Orc:2    | Noticed an orc sorcerer
 11119 | Orc:2    | Noticed a soul eater
 11128 | Orc:2    | Killed an orc sorcerer
 11264 | Orc:2    | Noticed Nergalle
 11266 | Orc:2    | Noticed Gastronok
 11266 | Orc:2    | Noticed Fannar
 11401 | Orc:2    | Killed Fannar
 11418 | Orc:2    | Killed Gastronok
 11426 | Orc:2    | Killed Nergalle
 11590 | Orc:3    | Found a staircase to the Elven Halls.
 12308 | Orc:4    | Entered Level 4 of the Orcish Mines
 12312 | Orc:4    | Noticed an orc knight
 12757 | D:11     | You fall through a shaft!
 12915 | D:12     | Reached XP level 12. HP: 64/81 MP: 26/26
 12972 | D:12     | Reached skill level 10 in Armour
 13179 | D:12     | Found Wierre's Gadget Shoppe.
 13186 | D:12     | Bought a disc of storms for 300 gold pieces
 13252 | D:12     | Noticed a hill giant
 13294 | D:12     | Killed a hill giant
 13548 | D:13     | Noticed a centaur warrior
 13561 | D:13     | Killed a centaur warrior
 14266 | D:11     | Reached skill level 12 in Armour
 14453 | D:8      | Killed a fire drake
 14522 | Lair:1   | Entered Level 1 of the Lair of Beasts
 14717 | Lair:1   | Noticed a seven-headed hydra
 14769 | Lair:1   | Killed a seven-headed hydra
 15366 | Lair:1   | Reached skill level 13 in Armour
 16658 | Lair:3   | Found a staircase to the Shoals.
 17384 | Lair:4   | Reached XP level 13. HP: 69/86 MP: 28/28
 17619 | Lair:4   | Reached skill level 10 in Invocations
 17796 | Lair:4   | Noticed a catoblepas
 17808 | Lair:4   | Killed a catoblepas
 18690 | Lair:5   | Found a hole to the Spider Nest.
 19196 | Lair:6   | Found a frozen archway.
 19236 | IceCv    | Entered an ice cave
 19433 | Lair:6   | Found a basalt altar of Yredelemnul.
 19535 | Lair:6   | Identified a scroll of acquirement
 20328 | Lair:7   | Reached skill level 14 in Armour
 20522 | Lair:7   | Reached XP level 14. HP: 85/93 MP: 31/31
 21023 | Lair:6   | Reached skill level 15 in Armour
 21117 | Lair:8   | Entered Level 8 of the Lair of Beasts
 21616 | Lair:8   | Reached skill level 16 in Armour
 21937 | Lair:8   | Reached skill level 10 in Maces & Flails
 22567 | Lair:8   | Found a staircase to the Slime Pits.
 22567 | Lair:8   | Found a viscous altar of Jiyva.
 22879 | Lair:8   | Reached XP level 15. HP: 47/98 MP: 32/32
 23374 | Orc:4    | Killed an orc knight
 23388 | Orc:4    | Noticed an orc sorcerer
 23393 | Orc:4    | Noticed an orc warlord
 23395 | Orc:4    | Noticed an orc high priest
 23395 | Orc:4    | Killed an orc sorcerer
 23398 | Orc:4    | Noticed an orc sorcerer
 23400 | Orc:4    | Killed an orc warlord
 23401 | Orc:4    | Killed an orc high priest
 23409 | Orc:4    | Noticed an orc knight
 23412 | Orc:4    | Killed an orc sorcerer
 23417 | Orc:4    | Noticed an orc knight
 23477 | Orc:2    | Killed an orc knight
 23629 | Orc:3    | Killed an orc knight
 23689 | Orc:4    | Found a roughly hewn altar of Beogh.
 23697 | Orc:4    | Found Fukie's Antique Armour Emporium.
 23736 | Orc:4    | Found Twiytin's Antique Weapon Emporium.
 23819 | Orc:4    | Found Dus Egh's Book Emporium.
 23839 | Orc:4    | Found Criniox's General Store.
 23846 | Orc:4    | Bought a scroll of enchant weapon II for 99 gold pieces
 24260 | Elf:1    | Entered Level 1 of the Elven Halls
 24414 | Elf:1    | Noticed Azrael
 24714 | Elf:1    | Killed Azrael
 24868 | Elf:1    | Gained mutation: You have a fast metabolism. [mutagenic meat]
 24869 | Elf:1    | Gained mutation: Your muscles are strong. (Str +2) [mutagenic meat]
 24870 | Elf:1    | Gained mutation: Armour fits poorly on your strangely shaped body. [mutagenic meat]
 24933 | Elf:1    | Found a deep blue altar of Sif Muna.
 24943 | Elf:1    | Noticed Asterion
 24951 | Elf:1    | Noticed a spectral weapon
 24955 | Elf:1    | HP: 4/98 [Asterion/bolt of lightning (31)]
 24955 | Elf:1    | Killed from afar by Asterion

Action                   |  1- 3 |  4- 6 |  7- 9 | 10-12 | 13-15 || total
-------------------------+-------+-------+-------+-------+-------++-------
Melee: Flail             |   122 |    81 |       |       |       ||   203
       Morningstar       |       |   100 |   324 |   479 |       ||   903
       Mace              |       |       |       |   161 |       ||   161
       Dire flail        |       |       |       |   344 |  1737 ||  2081
 Fire: Blowgun           |       |       |    24 |     5 |       ||    29
Invok: Lesser Servant of |       |       |       |    53 |    43 ||    96
       Minor Destruction |       |       |       |    34 |    39 ||    73
       Greater Servant o |       |       |       |     1 |     5 ||     6
       Major Destruction |       |       |       |       |     2 ||     2
 Abil: Evoke Invisibilit |       |       |       |     1 |     2 ||     3
       Shaft Self        |       |       |       |     1 |       ||     1
       Dig               |       |       |       |       |     1 ||     1
Evoke: Wand              |       |     4 |    11 |     2 |     8 ||    25
       Disc of storms    |       |       |       |     4 |     6 ||    10
       tome              |       |       |       |       |     1 ||     1
  Use: Potion            |       |     1 |    14 |     8 |     3 ||    26
       Scroll            |       |     8 |       |     8 |     7 ||    23
 Stab: Held in net/web   |       |       |       |     1 |       ||     1
       Distracted        |       |       |       |     7 |    16 ||    23
       Invisible         |       |       |       |       |     4 ||     4
